AoeStats
← Alphonse

Arabia

510462290Analyzed
3v3 RM · 19h ago on Oct 1, 2026· 53m 49s· 6 players
Game mode
Random Map
Map size
Normal (6 player)
Population
200
Speed
Normal
Resources
Standard
Victory
Conquest
Starting age
Dark Age
Ending age
Imperial Age
RankedLock teamsTeams togetherTeam positionsShared explorationLock speedFull tech treeHidden civsTurbo modeCheats
Victory
Defeat
🇦🇷 Hindustanis · Argentina
940
+11
🇦🇷 Vietnamese · Argentina
804
+17
🇦🇷 Magyars · Argentina
791
+17
🇦🇷 Spanish · Argentina
828
-39
🇦🇷 Franks · Argentina
828
-39
🇦🇷 Teutons · Argentina
828
-39
jsu
8:08 Loom
10:20 Feudal Age
11:09 Double-Bit Axe
18:33 Scale Barding Armor
19:55 Forging
23:03 Wheelbarrow
23:41 Gold Mining
28:06 Castle Age
28:34 Light Cavalry
29:36 Chain Barding Armor
28:40 Pikeman
29:29 Husbandry
30:10 Squires
34:49 Town Watch
35:20 Hand Cart
35:16 Bow Saw
35:01 Stone Mining
38:13 Iron Casting
44:48 Imperial Age
45:58 Conscription
45:08 Elite Throwing Axeman
46:05 Cavalier
47:12 Chivalry
48:27 Blast Furnace
49:11 Paladin
52:13 Plate Barding Armor
Alphonse
9:56 Feudal Age
10:08 Man-at-Arms
14:56 Forging
15:15 Arson
21:05 Double-Bit Axe
26:05 Bloodlines
26:12 Scale Barding Armor
26:08 Scale Mail Armor
32:53 Castle Age
36:25 Gold Mining
37:52 Stone Mining
42:47 Stone Shaft Mining
42:56 Wheelbarrow
Cacho12346098
9:50 Feudal Age
10:50 Double-Bit Axe
20:58 Castle Age
20:59 Bloodlines
20:45 Horse Collar
20:58 Gold Mining
20:58 Stone Mining
35:05 Husbandry
42:00 Imperial Age
42:16 Wheelbarrow
41:27 Loom
42:06 Gambesons
42:22 Squires
41:44 Pikeman
MonjeCarlos
7:52 Loom
10:06 Feudal Age
21:20 Double-Bit Axe
23:13 Town Watch
23:38 Gold Mining
28:55 Castle Age
27:21 Horse Collar
30:55 Bow Saw
30:37 Stone Mining
30:12 Crossbowman
32:10 Caravan
33:42 Squires
38:44 Wheelbarrow
39:53 Town Patrol
40:22 Ballistics
39:43 Treadmill Crane
40:52 Hand Cart
42:16 Heavy Plow
47:02 Imperial Age
47:37 Forging
47:27 Scale Mail Armor
47:32 Scale Barding Armor
47:20 Fletching
47:30 Padded Archer Armor
50:41 Chemistry
49:48 Siege Engineers
49:05 Elite Rattan Archer
50:08 Paper Money
52:51 Masonry
53:19 Hoardings
T'rompí
7:18 Loom
10:12 Feudal Age
15:17 Horse Collar
17:03 Forging
18:13 Double-Bit Axe
18:39 Scale Barding Armor
19:05 Gold Mining
23:44 Castle Age
22:26 Bloodlines
24:54 Wheelbarrow
26:30 Iron Casting
26:16 Chain Barding Armor
27:11 Ballistics
28:12 Stone Mining
28:37 Bow Saw
28:41 Squires
28:26 Arson
28:03 Pikeman
29:00 Husbandry
29:06 Scale Mail Armor
32:51 Fortified Wall
34:35 Masonry
36:10 Hand Cart
35:42 Town Watch
39:01 Town Patrol
39:59 Fletching
40:26 Grand Trunk Road
44:45 Imperial Age
46:49 Blast Furnace
46:25 Plate Barding Armor
45:13 Heavy Camel Rider
47:17 Fervor
47:22 Block Printing
47:28 Sanctity
47:36 Illumination
47:53 Imperial Camel Rider
48:58 Conscription
51:30 Light Cavalry
Rulo14
5:43 Loom
10:27 Feudal Age
14:33 Bloodlines
19:29 Castle Age
18:44 Scale Barding Armor
36:56 Imperial Age
34:32 Corvinian Army
34:12 Pikeman
46:32 Double-Bit Axe
50:39 Bow Saw
51:08 Wheelbarrow
Connection lost

Rejoining the realm…

Still unreachable

The connection could not be restored.

Session expired

The server has moved on; the page needs a fresh start.